cohdb
Replays
Latest Replays
All Replays
Popular Replays
Top Player Replays
Match Explorer
How It Works
Community
CoH3 Stats
Reddit
Sign in to upload your games and track your stats! →
Sign in with Steam
Match 45801267
Unlisted
Match 45801267
Overview
Messages
Build Orders
End
Construct Section Command Post
Vickers Machine Gun Team
Infantry Section
Dingo Light Scout Car
Construct Field Infirmary
Construct Platoon Command Post
Infantry Section
Selects Heavy Armor Battlegroup
Selects Engineer Detachments
Royal Engineer Section
Royal Engineer Section
6-pounder Anti-tank Gun Team
CMP 15cwt Truck
Grenade Package
Construct Company Command Post
Foot Guards Section
Selects Light Vehicle Withdraw and Refit
Selects Radio Net
Foot Guards Section
Selects Forward Repair Assembly
Selects UNKNOWN (2162094)
Churchill IV Heavy Tank
Armored Vehicle Training
Infantry Training
Churchill IV Heavy Tank
Radio Net
Churchill IV Heavy Tank
Selects Designate Targets
Radio Net
Designate Targets
mattcoomber
Field marshal Prince
Seth
Lucky_LyKi
Mavio
IIIUAIII FireStorm
10289668
abode97970
0
0
Comments
sign in to comment!
No comments posted yet!